 Dungeon Crawl Stone Soup version 0.30-a0-557-ge2afbf3030 (webtiles) character file.

Game seed: 12390772262208861965

3285 billz999 the Skirmisher (level 10, -11/77 HPs)
             Began as a Gnoll Hunter on Dec 27, 2022.
             Was an Initiate of Kikubaaqudgha.
             Killed from afar by a deep elf pyromancer (22 damage)
             ... with a bolt of fire
             ... on level 7 of the Dungeon.
             The game lasted 00:10:53 (7262 turns).

billz999 the Skirmisher (Gnoll Hunter)              Turns: 7262, Time: 00:10:54

Health: -11/77     AC:  5    Str: 12    XL:     10   Next: 1%
Magic:  21/26      EV: 15    Int: 14    God:    Kikubaaqudgha [......]
Gold:   464        SH:  0    Dex: 19    Spells: 14/19 levels left

rFire   . . .      SeeInvis .    a - +1 triple crossbow (elec)
rCold   . . .      Faith    .    (shield currently unavailable)
rNeg    . . .      Spirit   .    c - +0 leather armour
rPois   .          Reflect  .    (no helmet)
rElec   .          Harm     .    i - +1 cloak
rCorr   .          Rampage  .    (no gloves)
Will    .....                    (no boots)
Stlth   +++                      (no amulet)
HPRegen 0.32/turn                g - ring of magical power
MPRegen 0.20/turn                u - +6 ring of intelligence

@: about to teleport, studying Throwing
A: fangs 1, strong nose, distributed training
a: Renounce Religion


You were on level 7 of the Dungeon.
You worshipped Kikubaaqudgha.
Kikubaaqudgha was noncommittal.
You visited 1 branch of the dungeon, and saw 7 of its levels.

You collected 464 gold pieces.

Inventory:

Hand Weapons
 a - a +1 triple crossbow of electrocution (weapon)
 e - a +0 shortbow of flaming
Missiles
 f - a throwing net
Armour
 c - a +0 leather armour (worn)
 i - a +1 cloak (worn)
Jewellery
 g - a ring of magical power (left hand)
 h - the ring of Koigul {rC+ SInv}
   (You found it on level 7 of the Dungeon)

   [ring of protection from cold]

   rC:        It protects you from cold.
   SInv:      It lets you see invisible.
 u - a +6 ring of intelligence (right hand)
Wands
 q - a wand of paralysis (5)
Scrolls
 b - 2 scrolls of immolation
 d - 4 scrolls of noise
 l - a scroll of blinking
 r - 2 scrolls of amnesia
 s - a scroll of brand weapon
 y - a scroll of enchant armour
Potions
 j - a potion of might
 k - 3 potions of degeneration
 m - 3 potions of heal wounds
 n - 5 potions of curing
 o - 2 potions of berserk rage
 p - 4 potions of mutation
 t - 2 potions of flight
 v - a potion of magic {unknown}
 w - 2 potions of cancellation {unknown}
 z - a potion of lignification {unknown}


   Skills:
 + Level 6.8 Fighting
 + Level 5.0 Short Blades
 + Level 5.0 Long Blades
 + Level 5.0 Axes
 + Level 5.0 Maces & Flails
 + Level 5.0 Polearms
 + Level 5.0 Staves
 + Level 9.9 Ranged Weapons
 + Level 6.2 Throwing
 + Level 5.0 Armour
 + Level 6.8 Dodging
 + Level 5.5 Stealth
 + Level 5.0 Shields
 + Level 5.0 Unarmed Combat
 + Level 5.0 Spellcasting
 + Level 4.1 Conjurations
 + Level 4.1 Hexes
 + Level 4.1 Summonings
 + Level 4.1 Necromancy
 + Level 4.1 Translocations
 + Level 4.1 Transmutations
 + Level 4.1 Fire Magic
 + Level 4.1 Ice Magic
 + Level 4.1 Air Magic
 + Level 4.1 Earth Magic
 + Level 4.1 Poison Magic
 + Level 5.4 Invocations
 + Level 5.0 Evocations


You had 14 spell levels left.
You knew the following spells:

 Your Spells              Type           Power      Damage    Failure   Level
a - Blink                 Tloc           30%        N/A       6%          2
b - Frozen Ramparts       Ice            30%        1d5       12%         3

Your spell library contained the following spells:

 Spells                   Type           Power      Damage    Failure   Level
 Momentum Strike          Conj/Tloc      30%        3d8       6%          2
 Lesser Beckoning         Tloc           30%        N/A       12%         3
 Ice Form                 Ice/Tmut       15%        N/A       38%         4
 Summon Ice Beast         Ice/Summ       15%        N/A       38%         4


Dungeon Overview and Level Annotations

Branches:
Dungeon (7/15)             Temple (0/1) D:7

Altars:
Gozag
Kikubaaqudgha
Trog
Vehumet
Yredelemnul

Shops:
D:1 (

Annotations:
D:6 5 runed translucent doors
D:7 3 runed translucent doors, Jase's ghost, novice HOFi


Innate Abilities, Weirdness & Mutations

You have very sharp teeth.
Your uncanny sense of smell can sniff out nearby items.
Your experience applies equally to all skills.


Message History

Your Throwing skill increases to level 6!
Your Armour skill increases to level 5!
Your Shields skill increases to level 5!
Your Unarmed Combat skill increases to level 5!
Your Spellcasting skill increases to level 5!
Your Conjurations skill increases to level 4!
Your Hexes skill increases to level 4!
Your Summonings skill increases to level 4!
Your Necromancy skill increases to level 4!
Your Translocations skill increases to level 4!
Your Transmutations skill increases to level 4!
Your Fire Magic skill increases to level 4!
Your Ice Magic skill increases to level 4!
Your Air Magic skill increases to level 4!
Your Earth Magic skill increases to level 4!
Your Poison Magic skill increases to level 4!
Your Evocations skill increases to level 5!
You have reached level 10!
You shoot a bolt. The bolt hits the deep elf pyromancer.
The deep elf pyromancer is moderately wounded.
The frozen ramparts melt away.
The deep elf pyromancer casts a spell.
You shoot a bolt. The bolt hits the fire elemental!!
The fire elemental is almost destroyed.
The fire elemental closely misses you.
The deep elf pyromancer points at you and mumbles some strange words.
The bolt of fire hits the fire elemental.
The fire elemental completely resists.
The bolt of fire hits you!!!
Ouch! That really hurt!
The fire elemental misses you.
Unknown command.
As you read the scroll of teleportation, it crumbles to dust.
You feel strangely unstable. The fire elemental hits you.
The fire elemental burns you!
* * * LOW HITPOINT WARNING * * *
The deep elf pyromancer casts a spell at you.
The bolt of fire hits the fire elemental.
The fire elemental completely resists.
The bolt of fire hits you!!
You die...
Kikubaaqudgha rasps: "You have failed me!
Welcome... death!"

....# #.♣♣..♣♣.♣♣♣..
....# #♣.♣♣..♣.♣♣♣♣)
....# ♣♣...........
....# ♣ #####♣.♣####
....# #.
♣♣♣~~~~.♣♣♣~♣ ....#
##∆#[##♣P~♣♣♣.~♣P~♣~
###'##########.#
#...~P♣♣♣~P♣~P♣P
............#
#.#)##♣≈♣♣♣~≈~~♣♣♣♣
............# #@#
♣≈♣ ♣♣~.♣♣
............# ♣E♣
######♣.♣####
###'##......# .♣e
♣♣...♣...♣...
....##......# .♣
♣E#♣..♣..[#...♣.
######......##♣
♣#.♣♣♣♣♣#.#♣♣♣♣
...###......#
#♣..♣...#...♣.
#.........?.#
♣♣...♣...♣...
#...........#
#########.#####
#..#############
#........).....


You could see a deep elf pyromancer and 2 fire elementals.

Vanquished Creatures
  A two-headed ogre (D:7)
  Joseph (D:7)
  Grinder (D:4)
  Prince Ribbit (D:7)
  Menkaure (D:7)
  Edmund (D:5)
  2 water moccasins (D:7)
  A sky beast (D:7)
  2 ice beasts
  A phantom (D:7)
  A necrophage (D:6)
  2 bullfrogs (D:7)
  3 scorpions (D:5)
  3 howler monkeys
  A hound (D:7)
  A jelly (D:5)
  2 orc priests
  Crazy Yiuf (D:2)
  8 iguanas
  Ijyb (D:3)
  5 orc wizards
  A gnoll (D:1)
  5 adders
  A shadow imp (D:4)
  2 white imps
  5 worms
  2 dart slugs
  17 orcs
  7 endoplasms
  2 giant cockroaches (D:1)
  5 goblins
  3 hobgoblins
  6 jackals
  4 quokkas
  11 ball pythons
  7 bats
  4 frilled lizards
  7 kobolds
  11 rats
  A spectral orc (D:3)
141 creatures vanquished.

Vanquished Creatures (others)
  10 plants
10 creatures vanquished.

Grand Total: 151 creatures vanquished

Notes
Turn   | Place    | Note
-------+----------+-------------------------------------------
     0 | D:1      | billz999 the Gnoll Hunter began the quest for the Orb.
     0 | D:1      | Reached XP level 1. HP: 20/20 MP: 1/1
    53 | D:1      | Reached XP level 2. HP: 17/26 MP: 2/2
   285 | D:1      | Reached XP level 3. HP: 31/31 MP: 3/3
   467 | D:1      | Found Veang's Antique Weapon Shop.
   606 | D:1      | Reached skill level 1 in Invocations
   910 | D:2      | Reached skill level 1 in Short Blades
   910 | D:2      | Reached skill level 1 in Long Blades
   910 | D:2      | Reached skill level 1 in Axes
   910 | D:2      | Reached skill level 1 in Maces & Flails
   910 | D:2      | Reached skill level 1 in Polearms
   910 | D:2      | Reached skill level 1 in Staves
   910 | D:2      | Reached skill level 1 in Throwing
   910 | D:2      | Reached skill level 1 in Armour
   910 | D:2      | Reached skill level 1 in Shields
   910 | D:2      | Reached skill level 1 in Unarmed Combat
   910 | D:2      | Reached skill level 1 in Spellcasting
   910 | D:2      | Reached skill level 1 in Evocations
  1029 | D:2      | Reached XP level 4. HP: 38/38 MP: 5/5
  1103 | D:2      | Identified a scroll of acquirement
  1103 | D:2      | Acquired a +1 triple crossbow of electrocution
  1349 | D:2      | Found a runed translucent door.
  1350 | D:2      | Noticed Crazy Yiuf
  1354 | D:2      | Killed Crazy Yiuf
  1355 | D:2      | Reached skill level 1 in Conjurations
  1355 | D:2      | Reached skill level 1 in Hexes
  1355 | D:2      | Reached skill level 1 in Summonings
  1355 | D:2      | Reached skill level 1 in Necromancy
  1355 | D:2      | Reached skill level 1 in Translocations
  1355 | D:2      | Reached skill level 1 in Transmutations
  1355 | D:2      | Reached skill level 1 in Fire Magic
  1355 | D:2      | Reached skill level 1 in Ice Magic
  1355 | D:2      | Reached skill level 1 in Air Magic
  1355 | D:2      | Reached skill level 1 in Earth Magic
  1355 | D:2      | Reached skill level 1 in Poison Magic
  1460 | D:3      | Noticed Ijyb
  1463 | D:3      | Killed Ijyb
  1464 | D:3      | Reached XP level 5. HP: 37/43 MP: 7/7
  1638 | D:3      | Found a basalt altar of Yredelemnul.
  2191 | D:4      | Noticed Grinder
  2195 | D:4      | Killed Grinder
  2196 | D:4      | Reached skill level 5 in Fighting
  2196 | D:4      | Reached skill level 5 in Dodging
  2196 | D:4      | Reached XP level 6. HP: 51/51 MP: 9/9
  2299 | D:4      | Reached XP level 7. HP: 52/56 MP: 10/10
  2553 | D:4      | Learned a level 2 spell: Blink
  2768 | D:5      | Entered Level 5 of the Dungeon
  3138 | D:5      | Reached skill level 9 in Ranged Weapons
  3265 | D:5      | Found a radiant altar of Vehumet.
  3305 | D:5      | Noticed Edmund
  3828 | D:5      | Killed Edmund
  3829 | D:5      | Reached XP level 8. HP: 63/63 MP: 12/12
  3921 | D:5      | Found a bloodstained altar of Trog.
  4463 | D:6      | Found a runed translucent gate.
  4969 | D:6      | Found a runed translucent door.
  4969 | D:6      | Found a runed translucent gate.
  4979 | D:6      | Found a runed translucent door.
  5182 | D:6      | Found the +9 staff of Olgreb {rPois∞}
  5235 | D:6      | Found a runed translucent gate.
  5873 | D:7      | Identified the ring of Koigul {rC+ SInv}
  6002 | D:7      | Noticed Prince Ribbit
  6008 | D:7      | Killed Prince Ribbit
  6039 | D:7      | Noticed Menkaure
  6045 | D:7      | Killed Menkaure
  6062 | D:7      | Found an ancient bone altar of Kikubaaqudgha.
  6110 | D:7      | Found a staircase to the Ecumenical Temple.
  6131 | D:7      | Became a worshipper of Kikubaaqudgha
  6151 | D:7      | Reached XP level 9. HP: 69/69 MP: 14/14
  6152 | D:7      | Found a faded altar of an unknown god.
  6238 | D:7      | Learned a level 3 spell: Frozen Ramparts
  6491 | D:7      | Found the +7 Kryia's mail coat {PotionHeal*2 rC+}
  6506 | D:7      | Reached skill level 5 in Throwing
  6703 | D:7      | Reached skill level 5 in Stealth
  6722 | D:7      | Noticed Joseph
  6734 | D:7      | Killed Joseph
  6735 | D:7      | Reached skill level 5 in Invocations
  6929 | D:7      | Found a runed translucent gate.
  6929 | D:7      | Found a runed translucent gate.
  6931 | D:7      | Found an opulent altar of Gozag.
  6931 | D:7      | Found a runed translucent gate.
  6934 | D:7      | Noticed Jase's ghost (novice HOFi)
  7252 | D:7      | Noticed a two-headed ogre
  7255 | D:7      | Noticed a deep elf pyromancer
  7259 | D:7      | Killed a two-headed ogre
  7260 | D:7      | Reached skill level 5 in Short Blades
  7260 | D:7      | Reached skill level 5 in Long Blades
  7260 | D:7      | Reached skill level 5 in Axes
  7260 | D:7      | Reached skill level 5 in Maces & Flails
  7260 | D:7      | Reached skill level 5 in Polearms
  7260 | D:7      | Reached skill level 5 in Staves
  7260 | D:7      | Reached skill level 5 in Armour
  7260 | D:7      | Reached skill level 5 in Shields
  7260 | D:7      | Reached skill level 5 in Unarmed Combat
  7260 | D:7      | Reached skill level 5 in Spellcasting
  7260 | D:7      | Reached skill level 5 in Evocations
  7260 | D:7      | Reached XP level 10. HP: 61/77 MP: 17/17
  7262 | D:7      | Killed from afar by a deep elf pyromancer

Illustrated notes

Levels and vault maps discovered:
D:1:      scummos_arrival_gate, layout_basic, serial_shops,
          nicolae_shop_temple_entry_statues_fountains, serial_forest,
          infiniplex_forest_end_2, infiniplex_forest_clump_small,
          infiniplex_forest_corner_1, infiniplex_forest_clump_small
D:2:      layout_rooms, hex_large, uniq_crazy_yiuf_cottage
D:3:      layout_loops_ring, yredelemnul_forgotten_temple_becter,
          wander_ebering_terrifying_dragon_lair, uniq_ijyb
D:4:      layout_rooms, nicolae_overflow_hidden_temple,
          kennysheep_generic_room_13, uniq_grinder
D:5:      layout_gridville, general_overflow_altar, trog_three_pillars_becter,
          minmay_manual_mail, uniq_edmund
D:6:      layout_basic, minmay_guarded_unrand_staff_of_olgreb
D:7:      nzn_winding_woodlands_three_and_one
          [nzn_winding_woodlands_5x15_pockets,
          nzn_winding_woodlands_5x15_lazy_stream,
          nzn_winding_woodlands_5x15_twine,
          nzn_winding_woodlands_center_diamonds], layout_basic,
          mainiacjoe_overflow_cross_hatched, nicolae_temple_entry_ecumenical,
          ebering_ghost_gozag, uniq_prince_ribbit1, uniq_joseph, uniq_menkaure

Skill      XL: |  1  2  3  4  5  6  7  8  9 |
---------------+----------------------------+-----
Invocations    | 1 2 3 4 5 |  5.4
Short Blades   | 1 2 3 5 |  5.0
Long Blades    | 1 2 3 5 |  5.0
Axes           | 1 2 3 5 |  5.0
Maces & Flails | 1 2 3 5 |  5.0
Polearms       | 1 2 3 5 |  5.0
Staves         | 1 2 3 5 |  5.0
Throwing       | 1 2 3 4 6 |  6.2
Armour         | 1 2 3 5 |  5.0
Shields        | 1 2 3 5 |  5.0
Unarmed Combat | 1 2 3 5 |  5.0
Spellcasting   | 1 2 3 5 |  5.0
Evocations     | 1 2 3 5 |  5.0
Conjurations   | 1 2 3 4 |  4.1
Hexes          | 1 2 3 4 |  4.1
Summonings     | 1 2 3 4 |  4.1
Necromancy     | 1 2 3 4 |  4.1
Translocations | 1 2 3 4 |  4.1
Transmutations | 1 2 3 4 |  4.1
Fire Magic     | 1 2 3 4 |  4.1
Ice Magic      | 1 2 3 4 |  4.1
Air Magic      | 1 2 3 4 |  4.1
Earth Magic    | 1 2 3 4 |  4.1
Poison Magic   | 1 2 3 4 |  4.1
Fighting       | 5 6 |  6.8
Dodging        | 5 6 |  6.8
Stealth        | 3 4 5 |  5.5
Ranged Weapons | 9 |  9.9

Action                   |  1- 3 |  4- 6 |  7- 9 | 10-12 || total
-------------------------+-------+-------+-------+-------++-------
 Fire: Shortbow          |   104 |       |       |       ||   104
       Triple crossbow   |       |    75 |   152 |     2 ||   229
 Cast: Frozen Ramparts   |       |       |     3 |       ||     3
       Blink             |       |       |     1 |       ||     1
Evoke: Wand              |       |     2 |     5 |       ||     7
  Use: Scroll            |     1 |     7 |    11 |     1 ||    20
Armor: Leather armour    |     9 |    14 |    23 |     1 ||    47
Dodge: Dodged            |    23 |    31 |    59 |     2 ||   115

Table legend: (Time is in decaauts)
 A = Elapsed time spent in this place.
 B = Non-inter-level travel time spent in this place.
 C = Inter-level travel time spent in this place.
 D = Time resting spent in this place.
 E = Time spent auto-exploring this place.
 F = Levels seen in this place.
 G = Mean time per level.
                   A        B        C        D        E       F      G
               +--------+--------+--------+--------+--------+-----+--------+
         Total |   7490 |   7228 |    262 |   1312 |   5047 |   7 | 1070.0 |
       Dungeon |   7490 |   7228 |    262 |   1312 |   5047 |   7 | 1070.0 |
               +--------+--------+--------+--------+--------+-----+--------+

Top non-repeatable levels by time:
     D:5: 1703 daAuts
     D:7: 1469 daAuts
     D:6: 1449 daAuts
     D:1: 846 daAuts
     D:3: 804 daAuts
     D:4: 649 daAuts
     D:2: 568 daAuts
